 Dungeon Crawl Stone Soup version 0.29-a0-330-g52719c12eb (webtiles) character file.

Game seed: 12351489146946005695

31 kae the Firebug (level 3, 0/22 HPs)
             Began as an Octopode Fire Elementalist on Apr 15, 2022.
             Slain by an adder (2 damage)
             ... on level 1 of the Dungeon.
             The game lasted 00:00:51 (2006 turns).

kae the Firebug (Octopode Fire Elementalist)        Turns: 2006, Time: 00:00:52

Health: 0/22       AC:  1    Str:  7    XL:     3   Next: 22%
Magic:  4/6        EV: 11    Int: 19    God:
Gold:   24         SH:  7    Dex: 12    Spells: 5/6 levels left

rFire   . . .      SeeInvis .   (no weapon)
rCold   . . .      Faith    .   i - +0 kite shield
rNeg    . . .      Spirit   .   (helmet restricted)
rPois   .          Reflect  .   (no amulet)
rElec   .          Harm     .   (no ring)
rCorr   .          Rampage  .   (no ring)
Will    .....                   (no ring)
Stlth   +++.......              (no ring)
HPRegen 0.07/turn               (no ring)
MPRegen 0.10/turn               (no ring)
                                (no ring)
                                (no ring)

@: hasted, very quick
A: almost no armour, amphibious, 8 rings, camouflage 1, gelatinous body 1,
(nimble swimmer 1), tentacles
a: no special abilities


You were on level 1 of the Dungeon.
You visited 1 branch of the dungeon, and saw 2 of its levels.

You collected 24 gold pieces.

Inventory:

Armour
 i - a +0 kite shield (worn)
Jewellery
 h - a +4 ring of protection
Scrolls
 b - a scroll of teleportation {unknown}
 d - 2 scrolls of identify {unknown}
 e - a scroll of amnesia {unknown}
 j - a scroll of enchant weapon {unknown}
 k - a scroll of vulnerability {unknown}
Potions
 a - a potion of magic
 f - a potion of lignification {unknown}
 g - a potion of might {unknown}
 l - a potion of curing {unknown}


   Skills:
 + Level 0.5 Fighting
 + Level 2.1 Dodging
 + Level 3.0 Stealth
 * Level 0.6 Shields
 + Level 2.2 Spellcasting
 + Level 1.2 Conjurations
 * Level 3.4 Fire Magic


You had 5 spell levels left.
You knew the following spells:

 Your Spells              Type           Power      Damage    Failure   Level
a - Foxfire               Conj/Fire      44%        2x1d6     22%         1

Your spell library contained the following spells:

 Spells                   Type           Power      Damage    Failure   Level
 Scorch                   Fire           30%        2d6       22%         2
 Conjure Flame            Conj/Fire      11%        6-21      54%         3
 Inner Flame              Hex/Fire       8%         N/A       65%         3
 Flame Wave               Conj/Fire      11%        2d5       91%         4


Dungeon Overview and Level Annotations

Branches:
Dungeon (2/15)

Altars:


Innate Abilities, Weirdness & Mutations

You cannot wear most types of armour.
You are amphibious.
You can wear up to eight rings at the same time.
Your skin changes colour to match your surroundings (Stealth+).
Your rubbery body absorbs attacks. (AC +1, EV +1)
((You are camouflaged when in or above water. (Stealth+)))
You have tentacles for arms and can constrict up to eight enemies at once.


Message History

Casting: Foxfire (safe; 22% risk of failure)
Confirm with . or Enter, or press ? or * to list all spells.
You conjure some foxfire!
The worm bites you.
The foxfire hits the worm.
You kill the worm!
You start resting.
Your foxfire dissipates!
There is an open door here.
There is a stone staircase leading down here.
You start resting.
Magic restored.
HP restored.
You climb downwards.
The adder closely misses you. You block the adder's attack.
There is a stone staircase leading up here.
Casting: Foxfire (safe; 22% risk of failure)
Confirm with . or Enter, or press ? or * to list all spells.
You conjure some foxfire!
The kobold shouts!
The adder bites you. x2
The foxfire hits the adder.
The adder is severely wounded.
The adder bites you. You block the adder's attack.
Casting: Foxfire (safe; 22% risk of failure)
Confirm with . or Enter, or press ? or * to list all spells.
You conjure some foxfire!
You block the adder's attack. The adder bites you.
You are poisoned.
The adder poisons you! The adder bites you. x2
You feel sick.
The foxfire hits the adder.
The adder is almost dead.
You block the adder's attack. The adder closely misses you.
You feel sick. The adder misses you. The adder bites you.
* * * LOW HITPOINT WARNING * * *
You climb upwards.
You feel sick.
You are no longer poisoned.
There is a stone staircase leading down here.
It was a potion of haste.
You feel yourself speed up. The adder bites you.
* * * LOW HITPOINT WARNING * * *
The adder bites you.
You die...

### #.# ###.########
#...##......
#################.#.##.#####
#.................#.##.#
#.###.............#.##.#
##'###.###########.#.##.#####
#...##.# #@S...............
#...##.# #S#####.#.#.......
#...##'#####'#####.#.#.......
##+##...........##.#.#.......
####+##...........##.#.#.......
#.................##.#.#.......
#.................##.#.........
#........#####'#####.##########
#........# #............#####


You could see 2 adders.

Vanquished Creatures
  A worm (D:1)
  3 ball pythons (D:1)
  4 bats
  5 endoplasms (D:1)
  A goblin (D:1)
  2 hobgoblins (D:2)
  2 quokkas (D:1)
  3 frilled lizards (D:1)
  6 rats (D:1)
27 creatures vanquished.

Vanquished Creatures (others)
  72 foxfires
72 creatures vanquished.

Grand Total: 99 creatures vanquished

Notes
Turn   | Place    | Note
-------+----------+-------------------------------------------
     0 | D:1      | kae the Octopode Fire Elementalist began the quest for the
                  | Orb.
     0 | D:1      | Reached XP level 1. HP: 11/11 MP: 3/3
   328 | D:1      | Reached XP level 2. HP: 17/17 MP: 3/5
   836 | D:1      | Found a faded altar of an unknown god.
  1441 | D:1      | Reached XP level 3. HP: 22/22 MP: 6/6
  2006 | D:1      | Slain by an adder

Illustrated notes

Levels and vault maps discovered:
D:1:      ncdulo_smallfort, layout_basic,
          shapermc_ecumenical_altar_mp_highgroup, corexii_hall_statues_s
D:2:      layout_basic

Skill      XL: |  1  2 |
---------------+-------+-----
Stealth        | 3 |  3.0
Fighting       | |  0.5
Dodging        | |  2.1
Shields        | |  0.6
Spellcasting   | |  2.2
Conjurations   | |  1.2
Fire Magic     | |  3.4

Action                   || total
-------------------------++-------
Melee: Unarmed           ||    30
       Constrict         ||     8
       Tentacles         ||     4
 Cast: Foxfire           ||    40
  Use: Potion            ||     1
 Stab: Sleeping          ||     4
Armor: Skin              ||     6
Dodge: Dodged            ||    27
Block: Kite shield       ||    11

Table legend: (Time is in decaauts)
 A = Elapsed time spent in this place.
 B = Non-inter-level travel time spent in this place.
 C = Inter-level travel time spent in this place.
 D = Time resting spent in this place.
 E = Time spent auto-exploring this place.
 F = Levels seen in this place.
 G = Mean time per level.
                   A        B        C        D        E       F      G
               +--------+--------+--------+--------+--------+-----+--------+
         Total |   2012 |   1912 |    100 |    287 |   1403 |   2 | 1006.0 |
       Dungeon |   2012 |   1912 |    100 |    287 |   1403 |   2 | 1006.0 |
               +--------+--------+--------+--------+--------+-----+--------+

Top non-repeatable levels by time:
     D:1: 1969 daAuts
     D:2: 43 daAuts
